Map: 2000 Atmospheres LE

Players

Astrea

  • Race: Protoss Protoss
  • League: Master

Scarlett - Winner!

  • Race: Zerg Zerg

Event: DreamHack SC2 Masters 2021 Summer

VOD

Have the link to the VOD?

Description

Time

  • Played on: June 6, 2021, 3:14 p.m.
  • Length: 11:37

All games in this series

Show
View Real Time Build Order
Export as new Build Order

Astrea Protoss 

Build Orders: 1 Gate Expand 

Get SALT Encoding   

  12  0:00  Probe  
  13  0:12  Probe  
  14  0:18  Pylon  
  14  0:24  Probe  
  15  0:32  Assimilator  
  15  0:36  Probe (Chrono Boost)  
  16  0:43  Gateway  
  16  0:49  Probe (Chrono Boost)  
  17  0:54  Probe (Chrono Boost)  
  18  1:03  Probe  
  19  1:15  Probe  
  20  1:23  Nexus  
  20  1:32  Cybernetics Core  
  20  1:35  Probe  
  21  1:40  Assimilator  
  21  1:47  Probe  
  21  1:50  Pylon  
  22  2:00  Probe (Chrono Boost)  
  23  2:06  Adept (Chrono Boost)  
  23  2:10  Probe (Chrono Boost)  
  23  2:13  Stargate  
  23  2:15  Probe (Chrono Boost)  
  26  2:20  Warp Gate  
  27  2:27  Probe (Chrono Boost)  
  28  2:30  Adept  
  28  2:35  Probe (Chrono Boost)  
  33  2:44  Probe (Chrono Boost)  
  33  2:45  Probe (Chrono Boost)  
  33  2:50  Probe x2 (Chrono Boost), Void Ray (Chrono Boost)  
  39  3:01  Probe  
  39  3:02  Probe  
  41  3:13  Twilight Council  
  41  3:14  Probe x2  
  41  3:18  Gateway  
  43  3:23  Gateway  
  43  3:27  Pylon  
  43  3:30  Probe  
  43  3:33  Adept  
  46  3:45  Probe x2, Resonating Glaives (Chrono Boost)  
  48  3:56  Nexus  
  48  3:57  Probe  
  48  4:00  Pylon  
  48  4:01  Probe  
  50  4:09  Probe  
  50  4:13  Probe  
  50  4:14  Adept  
  53  4:19  Adept  
  53  4:21  Probe  
  56  4:24  Pylon  
  56  4:25  Probe  
  56  4:30  Adept  
  59  4:33  Probe  
  59  4:35  Assimilator  
  59  4:36  Assimilator, Adept  
  62  4:42  Probe, Adept  
  62  4:45  Probe  
  66  4:54  Probe  
  66  4:57  Probe  
  68  5:01  Adept  
  68  5:05  Blink  
  69  5:08  Probe (Chrono Boost), Adept  
  69  5:09  Probe (Chrono Boost), Adept  
  69  5:10  Probe (Chrono Boost)  
  69  5:13  Forge  
  75  5:20  Probe (Chrono Boost)  
  75  5:21  Probe (Chrono Boost)  
  78  5:23  Probe (Chrono Boost)  
  78  5:25  Probe x2 (Chrono Boost)  
  78  5:30  Probe, Adept x3  
  78  5:34  Probe  
  76  5:42  Probe, Shield Battery  
  76  5:49  Shield Battery  
  69  5:50  Protoss Ground Weapons Level 1 (Chrono Boost)  
  69  5:51  Pylon, Adept x3  
  75  5:59  Shield Battery  
  75  6:04  Probe x2, Gateway  
  75  6:05  Probe  
  75  6:10  Gateway  
  78  6:12  Sentry x2  
  78  6:13  Sentry  
  78  6:15  Shield Battery  
  78  6:16  Probe  
  78  6:17  Probe, Pylon  
  86  6:19  Photon Cannon  
  86  6:26  Probe, Assimilator  
  86  6:28  Probe  
  86  6:31  Gateway, Assimilator  
  88  6:34  Probe  
  88  6:37  Sentry  
  88  6:38  Probe, Stalker, Sentry  
  96  6:43  Robotics Facility  
  96  6:52  Pylon  
  96  6:53  Pylon  
  96  7:00  Stalker x2  
  100  7:04  Pylon  
  100  7:12  Stalker  
  100  7:13  Stalker x2  
  100  7:15  Gateway x2  
  106  7:23  Pylon  
  106  7:28  Stalker x3  
  113  7:30  Observer (Chrono Boost)  
  113  7:34  Robotics Bay  
  113  7:37  Robotics Facility  
  113  7:51  Stalker x6  
  123  7:52  Warp Prism  
  127  8:01  Charge (Chrono Boost)  
  127  8:06  Pylon x2  
  127  8:10  Nexus  
  127  8:11  Pylon  
  127  8:12  Pylon  
  127  8:14  Protoss Ground Weapons Level 2 (Chrono Boost)  
  127  8:20  Probe  
  127  8:21  Probe x2  
  127  8:22  Pylon  
  130  8:32  Disruptor (Chrono Boost)  
  130  8:33  Probe x3, Disruptor (Chrono Boost)  
  130  8:34  Gravitic Boosters  
  131  8:45  Probe  
  131  8:47  Probe x2  
  131  8:48  Photon Cannon  
  132  8:50  Photon Cannon  
  132  8:52  Templar Archives, Photon Cannon  
  132  8:53  Shield Battery  
  132  8:57  Probe  
  132  8:59  Probe x2  
  132  9:02  Zealot x4, Assimilator  
  143  9:04  Assimilator  
  143  9:08  Stalker  
  143  9:18  Disruptor x2  
  143  9:24  Fleet Beacon  
  143  9:25  Stargate  
  143  9:28  Stargate  
  136  9:54  Disruptor x2  
  136  9:56  Zealot  
  136  9:58  Zealot x7  
  113  10:18  Carrier (Chrono Boost)  
  113  10:19  Carrier (Chrono Boost)  
  107  10:27  Zealot x7  
  107  10:28  Zealot  
  135  10:30  Disruptor  
  130  10:45  Carrier (Chrono Boost)  
  128  10:54  Disruptor  
  124  10:57  Zealot x7  
  108  11:22  Photon Cannon  
Show
View Real Time Build Order
Export as new Build Order

Scarlett Zerg - Winner!

Build Orders: Hatch First, Lurkers, Roach Hydra 

Get SALT Encoding   

  12  0:00  Drone  
  13  0:12  Overlord  
  13  0:16  Drone  
  14  0:30  Drone x2  
  16  0:47  Hatchery  
  15  0:50  Drone  
  15  0:54  Drone  
  17  0:57  Drone  
  18  1:08  Extractor  
  17  1:12  Spawning Pool  
  17  1:16  Drone  
  17  1:19  Drone  
  18  1:27  Drone  
  19  1:38  Drone  
  20  1:49  Drone  
  21  1:59  Queen x2  
  21  2:00  Zergling x2, Overlord  
  26  2:10  Drone x2  
  26  2:12  Metabolic Boost  
  28  2:21  Drone x2  
  30  2:34  Hatchery  
  29  2:39  Queen  
  29  2:41  Drone  
  32  2:45  Overlord  
  32  2:50  Zergling x2  
  33  2:51  Drone  
  33  2:55  Drone x2  
  35  3:06  Spore Crawler  
  35  3:08  Spore Crawler  
  35  3:09  Drone  
  35  3:10  Drone x4  
  38  3:16  Overlord  
  38  3:17  Zergling x6  
  43  3:21  Overlord  
  43  3:27  Overlord  
  43  3:32  Drone  
  43  3:34  Queen  
  44  3:38  Spore Crawler  
  44  3:41  Drone x2  
  47  3:47  Drone x4  
  51  3:51  Queen  
  51  3:55  Drone x4  
  57  3:58  Overlord  
  57  4:09  Drone x4  
  60  4:14  Drone  
  59  4:19  Drone x2  
  59  4:21  Queen  
  59  4:23  Zergling x2  
  59  4:24  Zergling x4  
  65  4:28  Zergling x6  
  65  4:29  Extractor, Zergling x2  
  65  4:30  Roach Warren  
  67  4:33  Lair  
  67  4:36  Queen  
  69  4:40  Drone x3  
  69  4:44  Overlord  
  72  4:47  Drone x2  
  72  4:48  Extractor  
  72  4:49  Extractor  
  72  4:52  Overlord  
  72  4:53  Drone, Overlord  
  72  5:02  Zergling x4  
  72  5:07  Zergling x2  
  72  5:08  Zergling x12  
  72  5:12  Roach x2  
  83  5:18  Roach  
  85  5:21  Roach x2  
  88  5:28  Zergling x12  
  88  5:32  Drone x3, Glial Reconstitution  
  88  5:33  Drone  
  90  5:42  Drone x2  
  90  5:47  Drone x2  
  90  5:48  Drone  
  88  5:51  Drone x2  
  88  5:52  Drone x4  
  88  5:55  Drone  
  95  5:58  Evolution Chamber  
  95  5:59  Drone, Evolution Chamber  
  95  6:01  Drone x3  
  97  6:09  Hatchery, Drone  
  97  6:12  Infestation Pit, Overlord x2  
  97  6:18  Overseer  
  96  6:20  Overlord  
  96  6:22  Extractor x2  
  96  6:23  Drone  
  95  6:26  Hydralisk Den  
  95  6:27  Zerg Missile Weapons Level 1, Zerg Ground Armor Level 1  
  94  6:36  Drone x9  
  103  6:40  Overseer  
  103  6:50  Hive  
  103  6:53  Overlord x3  
  103  6:59  Drone  
  103  7:00  Roach x6  
  116  7:02  Lurker Den  
  116  7:04  Overlord x2  
  115  7:14  Drone  
  115  7:15  Drone x5  
  121  7:22  Hydralisk x3, Muscular Augments  
  121  7:28  Drone  
  121  7:29  Drone x3  
  130  7:39  Overlord  
  130  7:44  Zergling x2  
  130  7:45  Zergling x12  
  130  7:51  Overlord  
  135  7:56  Extractor  
  135  7:58  Extractor, Hydralisk x3  
  133  8:01  Hatchery, Lurker x3  
  133  8:03  Drone x7  
  147  8:05  Seismic Spines  
  147  8:10  Overseer  
  147  8:14  Hydralisk  
  147  8:15  Hydralisk x6  
  147  8:19  Overlord x2  
  158  8:30  Drone  
  158  8:31  Drone, Zerg Missile Weapons Level 2  
  155  8:43  Zerg Ground Armor Level 2, Grooved Spines  
  155  8:46  Drone x14  
  169  8:52  Spine Crawler x2  
  169  8:53  Spine Crawler  
  169  8:55  Spine Crawler, Lurker x2  
  167  8:56  Lurker  
  167  8:59  Hydralisk x3  
  167  9:02  Overlord  
  174  9:03  Zergling x16  
  174  9:04  Overseer  
  182  9:12  Lurker x2  
  182  9:13  Zergling x2  
  182  9:14  Extractor  
  182  9:15  Extractor  
  178  9:20  Zergling x18  
  178  9:23  Spine Crawler  
  184  9:27  Adaptive Talons  
  184  9:30  Lurker x2  
  186  9:34  Hatchery  
  181  9:40  Viper  
  181  9:43  Zergling x18  
  181  9:44  Zergling x10  
  173  9:54  Hydralisk x8  
  181  10:08  Hydralisk x7  
  181  10:13  Hydralisk x2  
  189  10:25  Hydralisk x2  
  189  10:26  Hydralisk x4  
  191  10:40  Hydralisk x8  
  195  10:58  Hydralisk  
  195  10:59  Zergling x2  
  191  11:12  Extractor  
  191  11:15  Extractor  
  191  11:16  Zergling x8  
Tags
 
Add a new tag
Caveats
  • Supply blocks, unpowered buildings, or Contaminate may cause inaccurate times.
  • Supply counts are checked every 10 seconds.